 Dungeon Crawl Stone Soup version 0.26-a0-778-g3fe0686644 (webtiles) character file.

Game seed: 5255809673713677579

7851 robertstho the Grappler (level 11, -1/100 HPs)
             Began as a Troll Fighter on Nov 10, 2020.
             Was an Initiate of Gozag.
             Slain by an orc knight
             ... wielding a +3 dire flail of draining
              (4 damage)
             ... on level 10 of the Dungeon.
             The game lasted 00:14:38 (8461 turns).

robertstho the Grappler (Troll Fighter)             Turns: 8461, Time: 00:14:39

Health: -1/100     AC: 10    Str: 28    XL:     11   Next: 2%
Magic:  0/10       EV: 10    Int:  5    God:    Gozag
Gold:   1658       SH: 10    Dex:  9    Spells: 10/10 levels left

rFire    . . .     SeeInvis .     - Unarmed
rCold    . . .     Faith    .   b - +0 kite shield
rNeg     . . .     Spirit   +   B - +2 robe {MR+}
rPois    .         Reflect  .   N - +2 hat {MR+}
rElec    .         Harm     .   A - scarf {+Inv}
rCorr    .         Rampage  .   (gloves unavailable)
MR       ++...                  (boots unavailable)
Stlth    +.........             H - amulet of guardian spirit
HPRegen  0.66/turn              g - ring of ice
MPRegen  0.12/turn              n - ring of fire

@: heavily drained
A: large, unfitting armour, claws 3, regeneration 1, shaggy fur 1, tough skin 3
a: Potion Petition, Call Merchant, Bribe Branch, Renounce Religion, Evoke
Invisibility


You were on level 10 of the Dungeon.
You worshipped Gozag.
Gozag was most pleased with you.
You visited 2 branches of the dungeon, and saw 11 of its levels.
You also visited: Ossuary.

You collected 1718 gold pieces.
You paid 60 gold pieces to Gozag.

Inventory:

Hand Weapons
 p - the cursed +1 falchion of the Smoking Visionary {holy, +Blink Str-5 Dex+2, unknown}
   (You found it on level 9 of the Dungeon)

   It has been blessed by the Shining One to cause great damage to the undead
   and demons.
   It affects your strength (-5).
   It affects your dexterity (+2).
   It lets you blink.
   It has a curse placed upon it.
 D - a +4 vorpal dire flail
 I - a +1 hand axe of flaming
Armour
 b - a +0 kite shield (worn)
 A - a scarf of invisibility (worn)
 B - a +2 robe of magic resistance (worn)
 N - a +2 hat of magic resistance (worn)
Jewellery
 a - a +6 ring of dexterity {unknown}
 g - a ring of ice (left claw)
 n - a ring of fire (right claw)
 H - an amulet of guardian spirit (around neck)
Wands
 l - a wand of random effects (15)
 G - a wand of iceblast (22)
 K - a wand of acid (13)
 L - a wand of disintegration (12)
Scrolls
 e - 2 scrolls of amnesia {unknown}
 j - 6 scrolls of remove curse
 k - a scroll of immolation {unknown}
 m - 6 scrolls of teleportation
 t - a scroll of fear
 v - a scroll of vulnerability {unknown}
 y - a scroll of noise {unknown}
 E - a scroll of fog {unknown}
 F - a scroll of random uselessness {unknown}
 J - a scroll of magic mapping {unknown}
 M - 3 scrolls of enchant weapon
Potions
 c - 2 potions of might
 f - 3 potions of mutation
 h - a potion of haste {unknown}
 i - 2 potions of resistance
 o - 2 potions of attraction
 q - a potion of lignification
 r - 3 potions of curing
 u - 4 potions of cancellation
 w - 4 potions of brilliance
 x - 2 potions of berserk rage
 z - 2 potions of invisibility
 C - 3 potions of flight
Miscellaneous
 O - a phantom mirror


   Skills:
 + Level 4.0(2.2) Fighting
 + Level 6.8(4.9) Dodging
 + Level 2.2(0.6) Stealth
 + Level 7.1(5.2) Shields
 + Level 11.7(9.6) Unarmed Combat
 + Level 0.1(0.0) Evocations


You had 10 spell levels left.
You didn't know any spells.
Your spell library contained the following spells:

 Spells                   Type           Power        Failure   Level
 Magic Dart               Conj           #...         77%         1
 Searing Ray              Conj           #.....       88%         2
 Dazzling Flash           Conj/Hex       #.....       98%         3
 Fulminant Prism          Conj/Hex       #.........   100%        4
 Iskenderun's Mystic Bla  Conj/Tloc      #.......     100%        4


Dungeon Overview and Level Annotations

Branches:
Dungeon (10/15)            Temple (1/1) D:5         Ossuary (visited)
   Lair: D:8-11         Orc: D:9-12

Altars:
Ashenzari
Cheibriados
Dithmenos
Elyvilon
Fedhas
Gozag
Hepliaklqana
Kikubaaqudgha
Makhleb
Nemelex Xobeh
Okawaru
Qazlal
Ru
Sif Muna
Trog
Uskayaw
Vehumet
Wu Jian
Xom
Yredelemnul
Zin
The Shining One


Innate Abilities, Weirdness & Mutations

You are too large for most types of armour.
You have claws for hands.
Your natural rate of healing is unusually fast.
You are covered in fur. (AC +1)
You have extremely tough skin. (AC +3)


Message History

* * * LOW HITPOINT WARNING * * *
You feel better. The orc knight misses you.
You see here a bolt.
Evoke which item? (* to show all) (? for menu, Esc to quit)
Aiming: Phantom Mirror
Press: ? - help, Dir - move target cursor, f/p - orc knight
Aim: an orc knight, wielding a +3 dire flail of draining, wearing a +0 plate armour and quivering 16 bolts (severely wounded) Nothing appears to happen.
The orc knight hits you with a +3 dire flail of draining!!
* * * LOW HITPOINT WARNING * * *
You feel drained.
* * * LOW HITPOINT WARNING * * *
A killer bee comes into view.
The killer bee buzzes angrily.
You feel better.
The orc knight hits you with a +3 dire flail of draining!!
* * * LOW HITPOINT WARNING * * *
You feel drained.
You die...
Your body crumbles into a pile of gold.

..........#
########..#
#######..#
.........#
.......yo#
########.#
#c# #o#
########@#
..(......#
.........#
.........#
#######..#
.........#
.........#
.........#
.........#


You could see an orc knight, a centaur, a killer bee and an orc (strong).

Vanquished Creatures
  Gastronok (D:8)
  Pikel (D:8)
  Psyche (D:8)
  Grinder (D:3)
  Sigmund (D:6)
  A shadow (D:8)
  8 orc warriors
  A black bear (D:7)
  2 phantoms
  2 ice beasts
  4 sky beasts
  2 ogres
  2 necrophages
  3 centaurs
  2 lemures (D:8)
  3 big kobolds (D:8)
  5 bullfrogs
  A gnoll sergeant (D:6)
  2 scorpions
  16 wights (D:6)
  An electric eel (D:8)
  2 bullfrog zombies
  5 hounds
  A bullfrog skeleton (D:4)
  5 orc priests
  2 jellies
  A gnoll shaman (D:7)
  Ijyb (D:4)
  2 iguanas (D:4)
  11 orc wizards
  12 worker ants
  4 big kobold zombies (Ossuary)
  2 hound skeletons
  2 mummies (Ossuary)
  10 adders
  9 gnolls
  2 river rats (D:6)
  4 white imps
  2 ufetubi
  2 oozes
  7 adder zombies (Ossuary)
  An adder skeleton (D:9)
  A worm (D:5)
  2 dart slugs (D:3)
  5 leopard geckos
  49 orcs
  6 bats
  21 giant cockroaches
  A gnoll zombie (Ossuary)
  5 goblins
  6 hobgoblins
  18 jackals
  19 kobolds
  4 quokkas
  A ball python (D:3)
  4 frilled lizards
  A goblin zombie (D:5)
  5 hobgoblin zombies (Ossuary)
  A jackal skeleton (D:8)
  A jackal zombie (D:7)
  4 kobold zombies (Ossuary)
  A leopard gecko zombie (D:7)
  3 orc zombies (Ossuary)
  A quokka skeleton (D:4)
  A quokka zombie (D:5)
  6 rats
313 creatures vanquished.

Notes
Turn   | Place    | Note
-------+----------+-------------------------------------------
     0 | D:1      | robertstho the Troll Fighter began the quest for the Orb.
     0 | D:1      | Reached XP level 1. HP: 22/22 MP: 0/0
   195 | D:1      | Reached XP level 2. HP: 29/29 MP: 1/1
   638 | D:2      | Reached XP level 3. HP: 36/36 MP: 2/2
   639 | D:2      | Found a shadowy altar of Dithmenos.
   730 | D:2      | Found a hide-covered altar of Uskayaw.
   730 | D:2      | Noticed a +0 dagger
   731 | D:2      | Noticed a +0 hand axe
  1031 | D:2      | You fall into a shaft and drop 2 floors!
  1050 | D:4      | Reached XP level 4. HP: 36/44 MP: 3/3
  1119 | D:4      | Reached skill level 3 in Unarmed Combat
  1122 | D:4      | Reached XP level 5. HP: 32/52 MP: 4/4
  1382 | D:4      | Reached skill level 4 in Unarmed Combat
  1382 | D:4      | Reached XP level 6. HP: 57/59 MP: 5/5
  1498 | D:4      | Noticed Ijyb
  1508 | D:4      | Killed Ijyb
  2022 | D:5      | Entered Level 5 of the Dungeon
  2026 | D:5      | Noticed an orc warrior
  2188 | D:5      | Killed an orc warrior
  2188 | D:5      | Reached skill level 5 in Unarmed Combat
  2188 | D:5      | Reached XP level 7. HP: 11/67 MP: 6/6
  2388 | D:5      | Found a sand-covered staircase.
  2395 | Ossuary  | Entered an ossuary
  2685 | D:5      | Reached skill level 6 in Unarmed Combat
  2771 | D:5      | Reached XP level 8. HP: 74/75 MP: 7/7
  2945 | D:5      | Found a staircase to the Ecumenical Temple.
  3128 | Temple   | Entered the Ecumenical Temple
  3201 | Temple   | Became a worshipper of Gozag Ym Sagoz the Greedy
  3427 | D:5      | Reached skill level 7 in Unarmed Combat
  3605 | D:6      | Reached skill level 5 in Dodging
  3669 | D:6      | Reached skill level 5 in Shields
  3669 | D:6      | Reached skill level 8 in Unarmed Combat
  3768 | D:6      | Reached XP level 9. HP: 58/82 MP: 8/8
  4123 | D:6      | You fall into a shaft and drop 2 floors!
  4158 | D:7      | Reached skill level 1 in Stealth
  4383 | D:6      | Noticed Sigmund
  4401 | D:6      | Killed Sigmund
  4401 | D:6      | Reached skill level 9 in Unarmed Combat
  5492 | D:3      | Noticed Grinder
  5493 | D:3      | Found an ornate altar of the Wu Jian Council.
  5506 | D:3      | Killed Grinder
  6168 | D:7      | Found a shadowy altar of Dithmenos.
  6226 | D:7      | Found a burning altar of Makhleb.
  6340 | D:7      | Reached skill level 10 in Unarmed Combat
  6471 | D:7      | Reached XP level 10. HP: 83/91 MP: 9/9
  6663 | D:8      | Found a broken altar of Ashenzari.
  7026 | D:8      | Noticed Gastronok
  7035 | D:8      | Killed Gastronok
  7035 | D:8      | Reached skill level 11 in Unarmed Combat
  7190 | D:8      | Noticed Psyche
  7231 | D:8      | Killed Psyche
  7503 | D:8      | Noticed Pikel
  7511 | D:8      | Killed Pikel
  7880 | D:9      | Found an iron altar of Okawaru.
  7908 | D:9      | Got a twisted falchion
  8128 | D:9      | Found a sacrificial altar of Ru.
  8335 | D:10     | Entered Level 10 of the Dungeon
  8424 | D:10     | Noticed an orc knight
  8444 | D:10     | Reached XP level 11. HP: 58/99 MP: 5/10
  8461 | D:10     | HP: 3/100 [orc knight/+3 dire flail of draining (18)]
  8461 | D:10     | Slain by an orc knight

Illustrated notes

Levels and vault maps discovered:
D:1:      dpeg_arrival_fog, layout_loops_cross
D:2:      minmay_roachtagon, layout_rooms, dancing_weapons_uskayaw,
          nicolae_dithmenos_shadow_blocks
D:3:      layout_loops_ring, lemuel_coloured_pillars_altar,
          chequers_serial_rivers_micro_a, minmay_cupped, uniq_grinder
D:4:      layout_basic, chequers_serial_rivers_room_b, serial_bayou_pond_e,
          minmay_door_square, minivault_4, uniq_ijyb
D:5:      layout_loops_corners, minmay_temple_entry_enclosed_plants,
          enter_ossuary_4, guppyfry_early_orc_mine
D:6:      layout_rooms, portal_sewer_entry_b, minmay_misc_feat_doors,
          uniq_sigmund
D:7:      layout_loops_ring, kennysheep_mini, makhleb_heckhound_becter
D:8:      layout_gridville, ashenzari_conservatory_becter,
          serial_co_window_serial, co_window_of_opportunity_a,
          co_window_corner_a, co_window_of_opportunity_a, co_window_paths_a,
          co_window_cross_1, co_window_2corner, co_window_paths_c,
          co_window_cross_4, glass_columns_a, minivault_4, uniq_psyche,
          uniq_pikel, uniq_gastronok
D:9:      layout_rooms, nicolae_ru_the_path_less_chosen,
          okawaru_ov_weapons_minmay
D:10:     layout_long_grid, minmay_lair_entry_grove, david_orc_5,
          ebering_ghost_rock_garden
Temple:   regret_index_temple_waves

Skill      XL: |  1  2  3  4  5  6  7  8  9 10 |
---------------+-------------------------------+-----
Dodging        | 3 4 5 6 |  6.8
Shields        | 3 4 5 7 |  7.1
Unarmed Combat | 3 4 5 6 8 10 11 | 11.7
Fighting       | 3 4 |  4.0
Stealth        | 2 |  2.2
Evocations     | |  0.1

Action                   |  1- 3 |  4- 6 |  7- 9 | 10-12 || total
-------------------------+-------+-------+-------+-------++-------
Melee: Unarmed           |   118 |   118 |   542 |   243 ||  1021
Evoke: Wand              |       |       |     1 |     4 ||     5
       Phantom mirror    |       |       |       |     1 ||     1
  Use: Potion            |       |     1 |     4 |     2 ||     7
       Scroll            |       |     1 |     6 |     9 ||    16
 Stab: Sleeping          |       |       |     3 |     2 ||     5
       Distracted        |       |       |     4 |       ||     4
Armor: Robe              |    47 |    31 |   132 |    55 ||   265
Dodge: Dodged            |    41 |    28 |   197 |    90 ||   356
Block: Kite shield       |    61 |    51 |   253 |   129 ||   494

Table legend: (Time is in decaauts)
 A = Elapsed time spent in this place.
 B = Non-inter-level travel time spent in this place.
 C = Inter-level travel time spent in this place.
 D = Time resting spent in this place.
 E = Time spent auto-exploring this place.
 F = Levels seen in this place.
 G = Mean time per level.
                   A        B        C        D        E       F      G
               +--------+--------+--------+--------+--------+-----+--------+
         Total |   8396 |   7891 |    505 |    104 |   5641 |  12 |  699.7 |
       Dungeon |   8059 |   7615 |    444 |    104 |   5482 |  10 |  805.9 |
        Temple |    133 |     73 |     60 |      0 |     67 |   1 |  133.0 |
       Ossuary |    203 |    203 |      0 |      0 |     92 |   1 |  203.0 |
               +--------+--------+--------+--------+--------+-----+--------+

Top non-repeatable levels by time:
     D:5: 1315 daAuts
     D:8: 1181 daAuts
     D:6: 1116 daAuts
     D:4: 1045 daAuts
     D:7: 813 daAuts
     D:3: 774 daAuts
     D:1: 632 daAuts
     D:2: 553 daAuts
     D:9: 505 daAuts
 Ossuary: 203 daAuts
  Temple: 133 daAuts
    D:10: 120 daAuts
